 Dungeon Crawl Stone Soup version 0.29-a0-474-gdfe5cd140f (webtiles) character file.

Game seed: 13850012495661796933

0 roflturtle the Firebug (level 1, 0/10 HPs)
             Began as a Tengu Fire Elementalist on May 23, 2022.
             Killed from afar by a dart slug (5 damage)
             ... with a slug dart
             ... on level 1 of the Dungeon.
             The game lasted 00:00:49 (46 turns).

roflturtle the Firebug (Tengu Fire Elementalist)      Turns: 46, Time: 00:00:50

Health: 0/10       AC:  2    Str:  8    XL:     1   Next: 10%
Magic:  0/4        EV: 12    Int: 15    God:
Gold:   11         SH:  0    Dex: 14    Spells: 3/4 levels left

rFire   . . .      SeeInvis .   (no weapon)
rCold   . . .      Faith    .   (no shield)
rNeg    . . .      Spirit   .   a - +0 robe
rPois   .          Reflect  .   (helmet restricted)
rElec   .          Harm     .   (no cloak)
rCorr   .          Rampage  .   (no gloves)
Will    .....                   (boots unavailable)
Stlth   ++........              (no amulet)
HPRegen 0.03/turn               (no ring)
MPRegen 0.09/turn               (no ring)

@: no status effects
A: beak, talons 3
a: no special abilities


You were on level 1 of the Dungeon.
You visited 1 branch of the dungeon, and saw 1 of its levels.

You collected 11 gold pieces.

Inventory:

Armour
 a - a +0 robe (worn)
Potions
 b - a potion of magic


   Skills:
 - Level 2.1 Dodging
 - Level 2.0 Stealth
 - Level 2.0 Spellcasting
 + Level 1.5 Conjurations
 - Level 3.2 Fire Magic


You had 3 spell levels left.
You knew the following spells:

 Your Spells              Type           Power      Damage    Failure   Level
a - Foxfire               Conj/Fire      32%        2x1d5     9%          1

Your spell library contained the following spells:

 Spells                   Type           Power      Damage    Failure   Level
 Scorch                   Fire           22%        2d6       9%          2
 Conjure Flame            Conj/Fire      8%         6-21      26%         3
 Inner Flame              Hex/Fire       6%         N/A       34%         3
 Flame Wave               Conj/Fire      8%         2d5       63%         4


Dungeon Overview and Level Annotations

Branches:
Dungeon (1/15)

Altars:


Innate Abilities, Weirdness & Mutations

You have a beak for a mouth.
You have claws for feet.


Message History

Found a staircase leading out of the dungeon.
Okay, then.
As you open the door, it creaks loudly!
There is an open door here.
Found 3 poisoned darts.
You now have 11 gold pieces.
A ball python comes into view.
The ball python hisses angrily.
You conjure some foxfire!
Your foxfire dissipates!
The foxfire hits the ball python.
You kill the ball python!
Magic restored.
You see here a ball python corpse.
A dart slug comes into view.
You miscast Foxfire.
You are very lightly contaminated with residual magic.
Nothing appears to happen.
You conjure some foxfire!
The dart slug launches a dart at you. The slug dart hits you.
You conjure some foxfire!
The foxfire hits the dart slug.
The dart slug is lightly wounded.
You conjure some foxfire!
The foxfire hits the dart slug.
The dart slug is moderately wounded.
Your foxfire dissipates!
The foxfire hits the dart slug.
The dart slug is severely wounded.
Your foxfire dissipates!
You are too depleted to draw on your mana recklessly!
The foxfire hits the dart slug.
The dart slug is almost dead.
The dart slug launches a dart at you. The slug dart hits you.
Your magical contamination has completely faded away.
The dart slug launches a dart at you. The slug dart hits you.
Ouch! That really hurt!
You die...

#.. #.. .w. #.# #.# #.#
########.######## ######
.......@........###.....
########.####..†........
#.# #.#.####.... #.#
#.#.# #...# #.# #.#.#
#..## #.# #.#.# #..#.
#.# ....# #..+. #.#
###.# #.(#. ##. ..##


You could see a dart slug.

Vanquished Creatures
  A ball python (D:1)
1 creature vanquished.

Vanquished Creatures (others)
  6 foxfires (D:1)
6 creatures vanquished.

Grand Total: 7 creatures vanquished

Notes
Turn   | Place    | Note
-------+----------+-------------------------------------------
     0 | D:1      | roflturtle the Tengu Fire Elementalist began the quest for
                  | the Orb.
     0 | D:1      | Reached XP level 1. HP: 10/10 MP: 4/4
    46 | D:1      | Killed from afar by a dart slug

Illustrated notes

Levels and vault maps discovered:
D:1:      dpeg_arrival_shelter, layout_loops_ring,
          chequers_ecumenical_altar_grove

Action                   || total
-------------------------++-------
 Cast: Foxfire           ||     4

Table legend: (Time is in decaauts)
 A = Elapsed time spent in this place.
 B = Non-inter-level travel time spent in this place.
 C = Inter-level travel time spent in this place.
 D = Time resting spent in this place.
 E = Time spent auto-exploring this place.
 F = Levels seen in this place.
 G = Mean time per level.
                   A        B        C        D        E       F      G
               +--------+--------+--------+--------+--------+-----+--------+
         Total |     46 |     46 |      0 |      0 |     33 |   1 |   46.0 |
       Dungeon |     46 |     46 |      0 |      0 |     33 |   1 |   46.0 |
               +--------+--------+--------+--------+--------+-----+--------+

Top non-repeatable levels by time:
     D:1: 46 daAuts
